 Dungeon Crawl Stone Soup version 0.20.0-6-gd3061e9 (webtiles) character file.

120 Hasart the Magician (level 4, 0/30 HPs)
             Began as a Mummy Wizard on May 28, 2017.
             Slain by a worker ant (2 damage)
             ... on level 4 of the Dungeon.
             The game lasted 00:06:41 (3686 turns).

Hasart the Magician (Mummy Wizard)                  Turns: 3686, Time: 00:06:41

Health: 0/30       AC:  7    Str: 10    XL:     4   Next: 75%
Magic:  0/11       EV: 12    Int: 18    God:
Gold:   159        SH:  0    Dex: 10    Spells: 5/13 levels left

rFire    . . .     SeeInvis .   p - +0 short sword
rCold    . . .     Gourm    .   (no shield)
rNeg     + + +     Faith    .   a - +0 robe
rPois    ∞         Spirit   .   b - +0 hat
rElec    .         Reflect  .   (no cloak)
rCorr    .         Harm     .   n - +0 pair of gloves
MR       .....                  (no boots)
Stlth    ++........             (no amulet)
Regen    0.1/turn               q - +4 ring of protection
MPRegen  0.2/turn               o - ring of fire

@: no status effects
A: no food or potions, fire vulnerability, cold resistance 1, negative energy
resistance 3, torment resistance, unbreathing
a: no special abilities


You were on level 4 of the Dungeon.
You were not hungry.

You visited 1 branch of the dungeon, and saw 4 of its levels.

You collected 159 gold pieces.

Inventory:

Hand Weapons
 p - a +0 short sword (weapon)
Armour
 a - a +0 robe (worn)
 b - a +0 hat (worn)
 n - a +0 pair of gloves (worn)
Jewellery
 j - an uncursed ring of resist corrosion
 o - a ring of fire (right hand)
 q - a +4 ring of protection (left hand)
Scrolls
 d - a scroll of amnesia {unknown}
 e - a scroll of noise {unknown}
 f - 2 scrolls of remove curse {unknown}
 g - 4 scrolls of immolation {unknown}
 h - a scroll of blinking {unknown}
 i - 2 scrolls of fear {unknown}
 k - a scroll of teleportation {unknown}
 l - 2 scrolls of magic mapping {unknown}
 m - 3 scrolls of identify {unknown}
Books
 c - a book of Minor Magic

   Spells                             Type                      Level
   a - Magic Dart                     Conjuration                  1
   b - Blink                          Translocation                2
   c - Call Imp                       Summoning                    2
   d - Slow                           Hexes                        2
   e - Conjure Flame                  Conjuration/Fire             3
   f - Mephitic Cloud                 Conjuration/Poison/Air       3


   Skills:
 + Level 2.4 Dodging
 - Level 1.5 Stealth
 * Level 5.3 Spellcasting
 + Level 1.6 Conjurations
 + Level 1.1 Summonings
 + Level 1.3 Translocations


You had 5 spell levels left.
You knew the following spells:

 Your Spells              Type           Power        Failure   Level  Hunger
a - Magic Dart            Conj           ##..         7%          1    N/A
b - Blink                 Tloc           N/A          11%         2    N/A
c - Call Imp              Summ           #.......     12%         2    N/A
d - Mephitic Cloud        Conj/Pois/Air  #.......     30%         3    N/A

Dungeon Overview and Level Annotations

Branches:
Dungeon (4/15)
 Temple: D:4-7

Altars:
Cheibriados
Elyvilon
Nemelex Xobeh
Zin


Innate Abilities, Weirdness & Mutations

You do not eat or drink.
Your flesh is vulnerable to fire.
You are immune to poison.
Your flesh is cold resistant. (rC+)
You are immune to negative energy. (rN+++)
You are immune to unholy pain and torment.
You can survive without breathing.


Message History

* * * LOW HITPOINT WARNING * * *
You completely miss the worker ant.
The worker ant is severely wounded.
The worker ant barely misses you.
Casting: Magic Dart
Confirm with . or Enter, or press ? or * to list all spells.
Aiming: Magic Dart
Press: ? - help, Shift-Dir - straight line, f/p - worker ant
Aim: a worker ant (severely wounded)
The magic dart hits the worker ant.
The worker ant is almost dead.
The worker ant closely misses you.
You hit the worker ant but do no damage.
The worker ant is almost dead.
The worker ant misses you.
You closely miss the worker ant.
The worker ant is almost dead.
The worker ant bites you but does no damage.
The worker ant bites you.
You die...

#. ###. .....
..... ......
##...# #######
#.....#a.....# #@#
#.# #.# #.# #.#
#># #.#####.#
#.....#.# #.# #.
#####.#.### #.# #.
#.........###.# #.
#.............# #.
#.........#.#.###.


You could see a worker ant.

Vanquished Creatures
  4 adders
  2 oozes (D:1)
  2 dart slugs (D:1)
  4 leopard geckos
  2 orcs (D:3)
  5 giant cockroaches
  5 goblins
  10 hobgoblins
  A ball python (D:1)
  10 bats
  7 frilled lizards
  9 kobolds
  8 rats
69 creatures vanquished.

Notes
Turn   | Place    | Note
-------+----------+-------------------------------------------
     0 | D:1      | Hasart the Mummy Wizard began the quest for the Orb.
     0 | D:1      | Reached XP level 1. HP: 13/13 MP: 5/5
   345 | D:1      | Reached skill level 1 in Conjurations
   345 | D:1      | Reached XP level 2. HP: 19/19 MP: 5/7
   872 | D:1      | Reached XP level 3. HP: 21/24 MP: 0/9
   876 | D:1      | Learned a level 2 spell: Blink
   879 | D:1      | Learned a level 2 spell: Call Imp
  1989 | D:2      | Reached skill level 5 in Spellcasting
  2203 | D:3      | Reached skill level 1 in Summonings
  2381 | D:3      | Found a sparkling altar of Nemelex Xobeh.
  2394 | D:3      | Found a snail-covered altar of Cheibriados.
  2394 | D:3      | Found a white marble altar of Elyvilon.
  2463 | D:3      | Reached skill level 1 in Translocations
  2463 | D:3      | Reached XP level 4. HP: 24/30 MP: 0/11
  3074 | D:3      | Learned a level 3 spell: Mephitic Cloud
  3620 | D:4      | Found a glowing silver altar of Zin.
  3682 | D:4      | HP: 1/30 [worker ant (4)]
  3686 | D:4      | Slain by a worker ant

Skill      XL: |  1  2  3 |
---------------+----------+-----
Conjurations   | 1 |  1.6
Dodging        | 2 |  2.4
Spellcasting   | 5 |  5.3
Summonings     | 1 |  1.1
Translocations | 1 |  1.3
Stealth        | |  1.5

Action                   |  1- 3 |  4- 6 || total
-------------------------+-------+-------++-------
Melee: Club              |    52 |       ||    52
       Unarmed           |     7 |       ||     7
       Short sword       |     1 |    53 ||    54
 Cast: Magic Dart        |   105 |    52 ||   157
 Stab: Sleeping          |     3 |       ||     3
Armor: Robe              |    18 |    14 ||    32
Dodge: Dodged            |    82 |    55 ||   137
